 Dungeon Crawl Stone Soup version 0.24.0-13-gcf9b3192b9 (webtiles) character file.

Game seed: 3294665502346923470, levelgen mode: deterministic

793 Delamore the Cleaver (level 7, -1/57 HPs)
             Began as a Hill Orc Monk on Nov 8, 2019.
             Was an Initiate of Ru.
             Slain by Pikel
             ... wielding a +2 whip of flaming
              (5 damage)
             ... on level 5 of the Dungeon.
             The game lasted 00:11:07 (4682 turns).

Delamore the Cleaver (Hill Orc Monk)                Turns: 4682, Time: 00:11:08

Health: -1/57      AC:  5    Str: 21    XL:     7   Next: 88%
Magic:  7/7        EV: 16    Int: 10    God:    Ru [......]
Gold:   296        SH:  0    Dex: 13    Spells: 6/6 levels left

rFire    . . .     SeeInvis .   a - +1 hand axe
rCold    . . .     Gourm    .   (no shield)
rNeg     . . .     Faith    .   i - +0 leather armour
rPois    .         Spirit   .   d - +1 helmet
rElec    .         Reflect  .   (no cloak)
rCorr    .         Harm     .   (no gloves)
MR       .....                  (no boots)
Stlth    ..........             (no amulet)
HPRegen  0.19/turn              g - +4 ring of evasion
MPRegen  0.10/turn              k - ring of attention (curse)

@: mighty, flying
A: no stealth
a: Renounce Religion


You were on level 5 of the Dungeon.
You worshipped Ru.
Ru was noncommittal.
You were hungry.

You visited 1 branch of the dungeon, and saw 5 of its levels.
You also visited: Sewer.

You collected 296 gold pieces.

Inventory:

Hand Weapons
 a - a +1 hand axe (weapon)
Missiles
 r - 6 atropa-tipped darts (quivered)
Armour
 b - a +0 robe
 d - a +1 helmet (worn)
 i - a +0 leather armour (worn)
Jewellery
 g - a +4 ring of evasion (left hand)
 k - a cursed ring of attention (right hand)
 v - a +3 ring of evasion
Wands
 m - a wand of random effects (16)
Scrolls
 h - 6 scrolls of teleportation
 j - a scroll of blinking
 w - a scroll of fog
 x - a scroll of identify
Potions
 e - 2 potions of curing
 f - a potion of cancellation
 n - a potion of mutation {unknown}
 o - a potion of haste
 p - a potion of resistance
 q - a potion of invisibility
 u - 2 potions of brilliance
Comestibles
 c - 10 rations


   Skills:
 - Level 3.6 Fighting
 + Level 11.3 Axes
 + Level 0.8 Throwing
 - Level 1.2 Armour
 - Level 2.4 Dodging


You had 6 spell levels left.
You didn't know any spells.
Your spell library contained the following spells:

 Spells                   Type           Power        Failure   Level  Hunger
 Ignite Poison            Fire/Tmut/Pois #.......     78%         3    ####...
 Fireball                 Conj/Fire      #.........   100%        5    ######.
 Bolt of Fire             Conj/Fire      #.........   100%        6    #######
 Ring of Flames           Chrm/Fire      #.........   100%        7    #######
 Ignition                 Fire           #.........   100%        8    #######


Dungeon Overview and Level Annotations

Branches:
Dungeon (5/15)             Temple (0/1) D:4           Sewer (visited)

Altars:
Dithmenos
Hepliaklqana
Nemelex Xobeh
Ru
Trog
Uskayaw
Yredelemnul
The Shining One

Annotations:
D:5 Pikel


Innate Abilities, Weirdness & Mutations

You cannot be stealthy.


Message History

Pikel is moderately wounded.
Pikel hits you with a +2 whip of flaming.
Pikel burns you.
You completely miss Pikel.
Pikel is moderately wounded.
You are feeling hungry.
You feel very mighty all of a sudden. Pikel closely misses you.
You closely miss Pikel.
Pikel is moderately wounded.
Pikel hits you with a +2 whip of flaming.
* * * LOW HITPOINT WARNING * * *
Pikel burns you.
* * * LOW HITPOINT WARNING * * *
You hit Pikel.
Pikel is moderately wounded.
Pikel hits you with a +2 whip of flaming!
* * * LOW HITPOINT WARNING * * *
Pikel burns you.
You die...

#...# ##...# #....#
#....##########
+.............#
#.............#
#.............#
##...##...##.######
#@..#######.##...#
....ppK....#
#.......#
....g##...##
#.......# ....
#+##.# #.......#
... .# #######.# ..
## #.# . #.. #..
#..


You could see Pikel, 2 slaves and a gnoll.

Vanquished Creatures
  A phantom (D:4)
  A slave (D:5)
  An ogre (D:4)
  2 big kobolds (Sewer)
  A bullfrog zombie (D:5)
  A hound (D:4)
  An orc priest (D:4)
  An orc wizard (D:4)
  An iguana (D:4)
  Natasha (thrice) (D:4)
  3 worker ants (D:4)
  Robin (D:2)
  A river rat (Sewer)
  5 adders
  An ooze (Sewer)
  An adder skeleton (D:4)
  3 worms
  3 dart slugs (D:2)
  4 leopard geckos
  4 orcs (D:4)
  9 giant cockroaches
  14 goblins
  7 hobgoblins
  4 ball pythons
  5 bats
  8 frilled lizards
  14 kobolds
  11 rats
111 creatures vanquished.

Notes
Turn   | Place    | Note
-------+----------+-------------------------------------------
     0 | D:1      | Delamore the Hill Orc Monk began the quest for the Orb.
     0 | D:1      | Reached XP level 1. HP: 19/19 MP: 1/1
   173 | D:1      | You fall into a shaft and drop 1 floor!
   177 | D:2      | Reached XP level 2. HP: 26/26 MP: 2/2
   297 | D:2      | Noticed Robin
   299 | D:2      | Reached skill level 5 in Axes
   318 | D:2      | Killed Robin
   318 | D:2      | Reached XP level 3. HP: 5/31 MP: 3/3
   841 | D:1      | Reached skill level 1 in Armour
   866 | D:1      | Reached skill level 6 in Axes
  1317 | D:2      | Reached XP level 4. HP: 37/39 MP: 4/4
  1665 | D:3      | Found a faded altar of an unknown god.
  1680 | D:3      | Became a worshipper of Ru the Awakened
  1698 | D:3      | Found a sparkling altar of Nemelex Xobeh.
  1699 | D:3      | Found a shadowy altar of Dithmenos.
  1700 | D:3      | Found a hide-covered altar of Uskayaw.
  1701 | D:3      | Found a sacrificial altar of Ru.
  1702 | D:3      | Found a hazy altar of Hepliaklqana.
  1703 | D:3      | Gained mutation: You cannot be stealthy. [Ru sacrifice]
  1704 | D:3      | Found a bloodstained altar of Trog.
  1740 | D:3      | Found a glowing drain.
  1770 | Sewer    | Entered a sewer
  1855 | Sewer    | Noticed a big kobold
  1881 | Sewer    | Killed a big kobold
  1881 | Sewer    | Reached skill level 7 in Axes
  1881 | Sewer    | Reached XP level 5. HP: 24/45 MP: 5/5
  2105 | Sewer    | Noticed a big kobold
  2157 | Sewer    | Killed a big kobold
  2157 | Sewer    | Reached skill level 8 in Axes
  2157 | Sewer    | Reached XP level 6. HP: 19/51 MP: 6/6
  3143 | D:3      | Found a glowing golden altar of the Shining One.
  3146 | D:3      | Noticed an angel
  3155 | D:3      | Found a basalt altar of Yredelemnul.
  3170 | D:3      | Noticed a profane servitor
  3239 | D:4      | Reached skill level 9 in Axes
  3554 | D:4      | Reached XP level 7. HP: 52/57 MP: 7/7
  3569 | D:4      | Reached skill level 10 in Axes
  3723 | D:4      | Noticed Natasha
  3732 | D:4      | Killed Natasha
  3748 | D:4      | Found a staircase to the Ecumenical Temple.
  4037 | D:4      | Noticed Natasha
  4061 | D:4      | Killed Natasha
  4109 | D:4      | Noticed Natasha
  4124 | D:4      | Killed Natasha
  4132 | D:4      | Reached skill level 11 in Axes
  4619 | D:5      | Entered Level 5 of the Dungeon
  4648 | D:5      | Noticed Pikel
  4682 | D:5      | Slain by Pikel

Levels and vault maps discovered:
D:1:      moated_graveyard_arrival, layout_basic
D:2:      layout_loops_ring, first_ration, uniq_robin
D:3:      layout_rooms, grunt_temple_overflow_holy_war,
          grunt_temple_overflow_open, portal_sewer_entry_a,
          chequers_ecumenical_altar_simple
D:4:      minmay_chambers_of_twos, layout_basic, temple_doors_ab,
          chequers_jeans, uniq_natasha
D:5:      layout_gridville, lemuel_round_altar, serial_shops, shop_statue,
          st_stairs_12, uniq_pikel

Skill      XL: |  1  2  3  4  5  6  7 |
---------------+----------------------+-----
Axes           | 5 6 7 8 9 11 | 11.3
Armour         | 1 |  1.2
Stealth        | 0 |  0.0
Fighting       | |  3.6
Throwing       | |  0.8
Dodging        | |  2.4

Action                   |  1- 3 |  4- 6 |  7- 9 || total
-------------------------+-------+-------+-------++-------
Melee: Hand axe          |   123 |   247 |   184 ||   554
Throw: Dart              |       |     4 |     3 ||     7
Invok: Sacrifice Stealth |       |     1 |       ||     1
       Reject Sacrifices |       |       |     1 ||     1
  Use: Potion            |     1 |     2 |     3 ||     6
       Scroll            |     6 |     6 |     3 ||    15
 Stab: Sleeping          |     2 |       |       ||     2
       Invisible         |       |       |     2 ||     2
  Eat: Chunk             |     1 |     6 |     2 ||     9
       Ration            |       |     1 |       ||     1
Armor: Skin              |    15 |     8 |       ||    23
       Leather armour    |    18 |    45 |    23 ||    86
Dodge: Dodged            |    66 |   168 |   107 ||   341
